 Dungeon Crawl Stone Soup version 0.20-a0-470-gbb038bd (webtiles) character file.

70 theAP the Skirmisher (level 4, -5/40 HPs)
             Began as a Hill Orc Fighter on Jan 13, 2017.
             Killed from afar by Sigmund (9 damage)
             ... with a magic dart
             ... on level 2 of the Dungeon.
             The game lasted 00:02:55 (1188 turns).

theAP the Skirmisher (Hill Orc Fighter)             Turns: 1188, Time: 00:02:56

Health: -5/40      AC:  6    Str: 24    XL:     4   Next: 21%
Magic:  4/4        EV:  8    Int: 10    God:
Gold:   46         SH: 15    Dex: 10    Spells: 3/3 levels left

rFire  . . .     SeeInvis .     a - +0 long sword
rCold  + . .     Gourm    .     b - +0 scale mail
rNeg   . . .     Faith    .     c - +1 shield
rPois  .         Spirit   .     (no helmet)
rElec  .         Reflect  +     (no cloak)
rCorr  .         Harm     .     (no gloves)
MR     .....                    (no boots)
Stlth  ..........               j - +5 amulet of reflection
                                n - ring of protection from cold
                                m - +2 ring of intelligence (curse)

@: mighty, very slightly contaminated, invisible
A: no striking features
a: no special abilities


You were on level 2 of the Dungeon.
You were not hungry.

You visited 1 branch of the dungeon, and saw 2 of its levels.

You collected 46 gold pieces.

Inventory:

Hand Weapons
 a - a +0 long sword (weapon)
Armour
 b - a +0 scale mail (worn)
 c - a +1 shield (worn)
Jewellery
 j - a +5 amulet of reflection (around neck)
 m - a cursed +2 ring of intelligence (left hand)
 n - a ring of protection from cold (right hand)
Scrolls
 e - a scroll of teleportation {unknown}
 l - a scroll of remove curse {unknown}
Comestibles
 f - 4 bread rations
 g - a chunk of flesh
 i - 3 fruits


   Skills:
 + Level 4.2 Fighting
 * Level 3.8 Long Blades
 - Level 3.2 Armour
 + Level 1.2 Dodging
 - Level 3.2 Shields


You had 3 spell levels left.
You didn't know any spells.

Dungeon Overview and Level Annotations

Branches:
Dungeon (2/15)

Altars:

Annotations:
D:2 Sigmund


Message History

You feel better. You block something's attack.
You fade into invisibility!
You are very lightly contaminated with residual magic.
You hear some strange, mumbled words.
You hear some strange, mumbled words.
The goblin hits you with a club.
You slash the goblin!
You kill the goblin!
Things that are here:
a club; a potion of curing; a goblin corpse Something hits you!
* * * LOW HITPOINT WARNING * * *
You feel better. Something hits you!
* * * LOW HITPOINT WARNING * * *
You miss something.
You hear some strange, mumbled words.
A magic dart appears from out of thin air!
The magic dart hits you!
You die...

#...... #......
##......
###########......%
#.........#....>
#.......(....#####
#.........)...(...
######.........#.######
#.....@....?%..#.# #
#.....{........#.# #
#.......<......#.# #
#....#)......).#.# #
#....#...........# ####
####.#...?.......# #...
#.###..#####..# #..#
#..## #...#..# #..#
#.......


There were no monsters in sight!

Vanquished Creatures
  2 adders
  A worm (D:2)
  4 dart slugs (D:1)
  4 giant cockroaches
  8 goblins
  5 hobgoblins
  2 bats
  9 kobolds
  3 rats
38 creatures vanquished.

Notes
Turn   | Place    | Note
-------+----------+-------------------------------------------
     0 | D:1      | theAP the Hill Orc Fighter began the quest for the Orb.
     0 | D:1      | Reached XP level 1. HP: 19/19 MP: 1/1
    39 | D:1      | Reached XP level 2. HP: 23/27 MP: 2/2
   572 | D:1      | Reached XP level 3. HP: 32/33 MP: 3/3
   802 | D:2      | Noticed Sigmund
   816 | D:1      | Reached skill level 4 in Fighting
   816 | D:1      | Reached skill level 1 in Dodging
  1029 | D:2      | Reached XP level 4. HP: 33/40 MP: 4/4
  1188 | D:2      | Killed from afar by Sigmund

Vault maps used:
D:1:      minmay_arrival_solitary_statue, kennysheep_another_room
D:2:      gammafunk_temple_overflow_pools, grunt_ministairs_2,
          kennysheep_jessica_study, uniq_sigmund

Skill      XL: |  1  2  3 |
---------------+----------+-----
Long Blades    | 3 |  3.8
Fighting       | 4 |  4.2
Dodging        | 1 |  1.2
Armour         | |  3.2
Shields        | |  3.2

Action                   |  1- 3 |  4- 6 || total
-------------------------+-------+-------++-------
Melee: Long sword        |   110 |    13 ||   123
  Use: Scroll            |     7 |       ||     7
       Potion            |       |     4 ||     4
  Eat: Chunk             |     1 |       ||     1
Armor: Scale mail        |    36 |     2 ||    38
Dodge: Dodged            |    31 |       ||    31
Block: Shield            |    79 |     6 ||    85
       Reflection        |     1 |     2 ||     3
       Rpst.: Long sword |    10 |       ||    10
